 Dungeon Crawl Stone Soup version 0.24-a0-250-g6074511 (webtiles) character file.

Game seed: 5630178142679028998

29 Borgoz the Cutter (level 3, -29/22 HPs)
             Began as a Kobold Gladiator on Apr 14, 2019.
             Engulfed by a cloud of flame (30 damage)
             ... on level 1 of the Dungeon.
             The game lasted 00:01:03 (831 turns).

Borgoz the Cutter (Kobold Gladiator)                 Turns: 831, Time: 00:01:04

Health: -29/22     AC:  4    Str: 12    XL:     3   Next: 32%
Magic:  3/3        EV: 16    Int:  9    God:
Gold:   33         SH:  0    Dex: 16    Spells: 2/2 levels left

rFire    . . .     SeeInvis .   a - +0 rapier
rCold    . . .     Gourm    .   (shield restricted)
rNeg     . . .     Faith    .   b - +0 leather armour
rPois    .         Spirit   .   c - +0 helmet
rElec    .         Reflect  .   (no cloak)
rCorr    .         Harm     .   (no gloves)
MR       .....                  (no boots)
Stlth    ++........             (no amulet)
HPRegen  0.07/turn              (no ring)
MPRegen  0.08/turn              (no ring)

@: no status effects
A: small, carnivore
a: no special abilities


You were on level 1 of the Dungeon.
You were full.

You visited 1 branch of the dungeon, and saw 1 of its levels.

You collected 33 gold pieces.

Inventory:

Hand Weapons
 a - a +0 rapier (weapon)
Missiles
 d - 3 throwing nets (quivered)
Armour
 b - a +0 leather armour (worn)
 c - a +0 helmet (worn)
Scrolls
 g - a scroll of teleportation {unknown}
 j - a scroll of noise {unknown}
 l - a scroll of amnesia {unknown}
 m - a scroll of remove curse {unknown}
 n - a scroll of immolation {unknown}
Potions
 e - a potion of magic {unknown}
 h - a potion of ambrosia {unknown}
 i - 2 potions of might {unknown}
 k - a potion of heal wounds {unknown}
Comestibles
 f - 3 rations


   Skills:
 + Level 2.4 Fighting
 + Level 4.3 Short Blades
 - Level 2.1 Throwing
 * Level 1.2 Armour
 + Level 3.9 Dodging
 + Level 1.1 Stealth


You had 2 spell levels left.
You didn't know any spells.
Your spell library was empty.

Dungeon Overview and Level Annotations

Branches:
Dungeon (1/15)

Altars:


Innate Abilities, Weirdness & Mutations

You are small and have problems with some larger weapons.
You are carnivorous and can eat meat at any time.


Message History

You kill the kobold!
You see here a +0 short sword.
Things that are here:
a +0 short sword; a kobold corpse You see here a +0 short sword.
You see here a leopard gecko skeleton.
You see here a frilled lizard skeleton.
Key pressed, stopping explore.
Partly explored, can't reach some items and places.
Partly explored, can't reach some items and places.
Okay, then.
Really walk into a travel-excluded area?
You are engulfed in blazing flames.
Ouch! That really hurt!
* * * LOW HITPOINT WARNING * * *
Things that are here:
a dagger; 5 stones You are engulfed in blazing flames.
Ouch! That really hurt!
You die...

.##.......# #§§☼# #.......##
.##.......# #○°☼# #...#####
.##.......#####...######...#
...........§§§..=?.§○..#..##
###........☼°☼..(..°§.....#######
#.######.§○§..(..○☼§...........
#.# #####...#####.......... #.#
#§☼§# ##..####### #.# #§@○# #..#
##### #.# #°§○# #..# #....
###.###### #...# #..# #####
.........# ##.## #..# ###.####.#
#.# #..# #.# #.# ##.# #..# #.#
#.# #..# #..# #.# #.# #.## #..#
#.# #.# #.# #..#


There were no monsters in sight!

Vanquished Creatures
  2 dart slugs (D:1)
  4 leopard geckos (D:1)
  A bat (D:1)
  A giant cockroach (D:1)
  A goblin (D:1)
  A hobgoblin (D:1)
  5 frilled lizards (D:1)
  4 kobolds (D:1)
  3 rats (D:1)
22 creatures vanquished.

Vanquished Creatures (others)
  A dart slug (D:1)
  A kobold (D:1)
2 creatures vanquished.

Grand Total: 24 creatures vanquished

Notes
Turn   | Place    | Note
-------+----------+-------------------------------------------
     0 | D:1      | Borgoz the Kobold Gladiator began the quest for the Orb.
     0 | D:1      | Reached XP level 1. HP: 12/12 MP: 1/1
    81 | D:1      | Reached XP level 2. HP: 15/17 MP: 2/2
   176 | D:1      | Reached skill level 1 in Stealth
   355 | D:1      | Reached skill level 1 in Armour
   355 | D:1      | Reached XP level 3. HP: 22/22 MP: 3/3
   830 | D:1      | HP: 1/22 [something (21)]
   831 | D:1      | Engulfed by a cloud of flame

Levels and vault maps discovered:
D:1:      wander_arrival_peaceful_grave, layout_basic, lemuel_flame_loot_1

Skill      XL: |  1  2 |
---------------+-------+-----
Stealth        | 1 |  1.1
Armour         | 1 |  1.2
Fighting       | |  2.4
Short Blades   | |  4.3
Throwing       | |  2.1
Dodging        | |  3.9

Action                   || total
-------------------------++-------
Melee: Rapier            ||    84
 Stab: Sleeping          ||     1
  Eat: Chunk             ||     5
Armor: Leather armour    ||    12
Dodge: Dodged            ||    66

Table legend:
 A = Non-vault XP
 B = Vault XP
 C = Vault XP percentage of total XP
 D = Non-vault monster count
 E = Vault monster count
 F = Vault count percentage of total count
                 A         B        C        D         E       F
            +---------+---------+-------+---------+---------+-------
      Total |      42 |       0 |   0.0 |      22 |       0 |   0.0
            +---------+---------+-------+---------+---------+-------
        D:1 |      42 |       0 |   0.0 |      22 |       0 |   0.0
            +---------+---------+-------+---------+---------+-------
